 Dungeon Crawl Stone Soup version 0.25.0-33-gff14898491 (console) character file.

Game seed: 8198901563008579218

1218 Colgate the Vexing (level 8, 0/60 HPs)
             Began as a Gnoll Arcane Marksman on July 6, 2020.
             Killed from afar by an orc wizard (6 damage)
             ... with a magic dart
             ... on level 5 of the Dungeon on July 7, 2020.
             The game lasted 01:29:30 (6558 turns).

Colgate the Vexing (Gnoll Arcane Marksman)          Turns: 6558, Time: 01:29:31

Health: 0/60       AC:  8    Str: 13    XL:     8   Next: 46%
Magic:  14/14      EV: 29    Int: 17    God:
Gold:   173        SH:  0    Dex: 16    Spells: 12/15 levels left

rFire    . . .     SeeInvis .   C - +0 scimitar
rCold    . . .     Gourm    .   (no shield)
rNeg     . . .     Faith    .   v - +0 ring mail
rPois    .         Spirit   .   B - +0 helmet
rElec    .         Reflect  .   (no cloak)
rCorr    .         Harm     .   (no gloves)
MR       .....                  q - +0 pair of boots
Stlth    +++.......             h - amulet of the acrobat
HPRegen  0.20/turn              b - ring of flight
MPRegen  0.14/turn              o - ring of stealth

@: acrobat
A: distributed training, fangs 1, strong nose
a: Evoke Flight


You were on level 5 of the Dungeon.
You were near starving.

You visited 1 branch of the dungeon, and saw 5 of its levels.

You collected 173 gold pieces.

Inventory:

Hand Weapons
 a - a +0 hand crossbow
 n - a +1 dagger of holy wrath
 u - a +0 mace of protection
 x - a +0 hand axe
 A - a +0 hunting sling
 C - a +0 scimitar (weapon)
 H - a +0 short sword of speed
Missiles
 d - 10 bolts
 l - 109 stones
 m - 90 arrows
 p - 10 poisoned darts
 s - 18 sling bullets
 F - 5 boomerangs (quivered)
Armour
 e - a +0 robe
 g - a +0 chain mail
 k - a +0 scale mail
 q - a +0 pair of boots (worn)
 t - a +0 leather armour
 v - a +0 ring mail (worn)
 B - a +0 helmet (worn)
Jewellery
 b - a ring of flight (left hand)
 h - an amulet of the acrobat (around neck)
 o - a ring of stealth (right hand)
 J - a -4 ring of dexterity
 O - an uncursed ring of poison resistance {unknown}
Wands
 j - a wand of polymorph (7)
 E - a wand of disintegration (13)
 G - a wand of iceblast (7)
Scrolls
 c - 4 scrolls of amnesia
 i - 5 scrolls of identify
 r - 3 scrolls of teleportation
 w - 2 scrolls of fear {unknown}
 y - a scroll of remove curse
 D - 2 scrolls of noise
 K - a scroll of magic mapping
 L - a scroll of blinking
 N - a scroll of fog {unknown}
Potions
 z - a potion of flight
 I - a potion of ambrosia
Comestibles
 f - 7 rations


   Skills:
 + Level 4.2 Fighting
 + Level 3.2 Short Blades
 + Level 3.2 Long Blades
 + Level 3.2 Axes
 + Level 3.2 Maces & Flails
 + Level 3.2 Polearms
 + Level 3.2 Staves
 + Level 3.2 Slings
 + Level 3.2 Bows
 + Level 5.6 Crossbows
 + Level 3.2 Throwing
 + Level 3.2 Armour
 + Level 5.6 Dodging
 + Level 3.2 Stealth
 + Level 3.2 Shields
 + Level 3.2 Unarmed Combat
 + Level 4.3 Spellcasting
 + Level 2.6 Conjurations
 + Level 6.1 Hexes
 + Level 2.6 Charms
 + Level 2.6 Summonings
 + Level 2.6 Necromancy
 + Level 2.6 Translocations
 + Level 2.6 Transmutations
 + Level 2.6 Fire Magic
 + Level 2.6 Ice Magic
 + Level 2.6 Air Magic
 + Level 2.6 Earth Magic
 + Level 2.6 Poison Magic
 + Level 3.5 Invocations
 + Level 3.2 Evocations


You had 12 spell levels left.
You knew the following spells:

 Your Spells              Type           Power        Failure   Level  Hunger
a - Corona                Hex            ###....      2%          1    None
b - Slow                  Hex            ###.....     3%          2    ##.....

Your spell library contained the following spells:

 Spells                   Type           Power        Failure   Level  Hunger
 Inner Flame              Hex/Fire       ###.....     16%         3    ###....
 Portal Projectile        Hex/Tloc       ###...       16%         3    ###....
 Cause Fear               Hex            ###.......   26%         4    ####...
 Leda's Liquefaction      Hex/Erth       ###.......   45%         4    ####...


Dungeon Overview and Level Annotations

Branches:
Dungeon (5/15)
 Temple: D:4-7

Altars:

Annotations:
D:5 Dowan, Duvessa


Innate Abilities, Weirdness & Mutations

Your experience applies equally to all skills.
You have very sharp teeth.
Your uncanny sense of smell can sniff out nearby items.


Message History

* * * LOW HITPOINT WARNING * * *
The orc wizard begins to cast a cantrip, but forgets the words!
The orc wizard points at you and mumbles some strange words.
The puff of frost hits you.
* * * LOW HITPOINT WARNING * * *
The orc priest miscasts a cantrip.
The orc wizard hits you with a +0 dagger.
* * * LOW HITPOINT WARNING * * *
The orc wizard misses you.
You riposte.
You barely miss the orc wizard. You bite the orc wizard.
The orc wizard is moderately wounded.
The orc wizard barely misses you.
You riposte.
You hit the orc wizard.
The orc wizard is heavily wounded.
The orc wizard closely misses you.
The orc priest looks encouraged for a moment.
The orc wizard looks braver for a moment.
The orc wizard closely misses you.
The orc wizard hits you but does no damage.
The orc wizard points at you and mumbles some strange words.
The magic dart hits you.
You die... .. #........ #.######. #.# ###.. .... #.# #.... ... #.# #.#.. .e# #.# #.##.
Joe

#.###.##. #o# #........
#o# #####.### #o#
#.......# ###@#
#.###.#.# ##.#.#
#.##..#.#
####....########.#.....#
+.......................
####....#.######.#...#.#
##....#.# #.......#
###...## #####.### ##.##
##..... #.# ##...### #.#
#.....## #.# ###......


You could see Duvessa, Dowan, a jelly, an orc priest, an orc wizard and 2 orcs.

Vanquished Creatures
  A hungry ghost (D:5)
  A phantom (D:5)
  A centaur (D:3)
  An ogre (D:4)
  A bullfrog (D:4)
  A scorpion (D:4)
  2 crimson imps (D:5)
  4 hounds
  2 orc priests
  Jessica (D:2)
  A bullfrog skeleton (D:4)
  3 iguanas
  3 worker ants (D:4)
  A hound skeleton (D:5)
  4 gnolls
  10 adders
  A shadow imp (D:5)
  3 oozes
  An adder skeleton (D:5)
  4 worms
  2 dart slugs
  5 leopard geckos
  11 orcs
  17 giant cockroaches
  8 goblins
  6 hobgoblins
  2 jackals (D:4)
  4 kobolds
  4 quokkas
  A ball python skeleton (D:4)
  9 bats
  4 frilled lizards
  6 rats (D:1)
125 creatures vanquished.

Notes
Turn   | Place    | Note
-------+----------+-------------------------------------------
     0 | D:1      | Colgate the Gnoll Arcane Marksman began the quest for the
                  | Orb.
     0 | D:1      | Reached XP level 1. HP: 17/17 MP: 4/4
   284 | D:1      | Reached XP level 2. HP: 23/23 MP: 3/5
   288 | D:1      | Learned a level 2 spell: Slow
  1102 | D:2      | Reached XP level 3. HP: 28/28 MP: 5/7
  1657 | D:2      | Reached skill level 1 in Invocations
  1888 | D:2      | Noticed Jessica
  1894 | D:2      | Killed Jessica
  1894 | D:2      | Reached skill level 1 in Short Blades
  1894 | D:2      | Reached skill level 1 in Long Blades
  1894 | D:2      | Reached skill level 1 in Axes
  1894 | D:2      | Reached skill level 1 in Maces & Flails
  1894 | D:2      | Reached skill level 1 in Polearms
  1894 | D:2      | Reached skill level 1 in Staves
  1894 | D:2      | Reached skill level 1 in Slings
  1894 | D:2      | Reached skill level 1 in Bows
  1894 | D:2      | Reached skill level 1 in Throwing
  1894 | D:2      | Reached skill level 1 in Armour
  1894 | D:2      | Reached skill level 1 in Stealth
  1894 | D:2      | Reached skill level 1 in Shields
  1894 | D:2      | Reached skill level 1 in Unarmed Combat
  1894 | D:2      | Reached skill level 1 in Evocations
  1894 | D:2      | Reached XP level 4. HP: 34/34 MP: 2/8
  2410 | D:3      | Reached skill level 1 in Conjurations
  2410 | D:3      | Reached skill level 1 in Charms
  2410 | D:3      | Reached skill level 1 in Summonings
  2410 | D:3      | Reached skill level 1 in Necromancy
  2410 | D:3      | Reached skill level 1 in Translocations
  2410 | D:3      | Reached skill level 1 in Transmutations
  2410 | D:3      | Reached skill level 1 in Fire Magic
  2410 | D:3      | Reached skill level 1 in Ice Magic
  2410 | D:3      | Reached skill level 1 in Air Magic
  2410 | D:3      | Reached skill level 1 in Earth Magic
  2410 | D:3      | Reached skill level 1 in Poison Magic
  2621 | D:3      | Reached XP level 5. HP: 32/40 MP: 1/9
  3337 | D:3      | Noticed a centaur
  3343 | D:3      | Killed a centaur
  3343 | D:3      | Reached XP level 6. HP: 34/47 MP: 6/11
  3583 | D:3      | Reached skill level 5 in Crossbows
  3583 | D:3      | Reached skill level 5 in Dodging
  4242 | D:4      | Reached XP level 7. HP: 52/52 MP: 8/12
  5206 | D:5      | Entered Level 5 of the Dungeon
  5238 | D:5      | Reached skill level 6 in Hexes
  5238 | D:5      | Reached XP level 8. HP: 46/60 MP: 14/14
  6490 | D:5      | Noticed Dowan
  6492 | D:5      | Noticed Duvessa
  6558 | D:5      | Killed from afar by an orc wizard

Illustrated notes

Levels and vault maps discovered:
D:1:      tarquinn_simple_flora_water_b, layout_basic,
          minmay_misc_feat_more_columns
D:2:      layout_loops_ring, uniq_jessica
D:3:      minmay_roachtagon, layout_basic, cheibrodos_gnoll_hut
D:4:      layout_basic, first_ration
D:5:      layout_loops_corners, uniq_duvessa

Skill      XL: |  1  2  3  4  5  6  7  8 |
---------------+-------------------------+-----
Invocations    | 1 2 3 |  3.5
Short Blades   | 1 2 3 |  3.2
Long Blades    | 1 2 3 |  3.2
Axes           | 1 2 3 |  3.2
Maces & Flails | 1 2 3 |  3.2
Polearms       | 1 2 3 |  3.2
Staves         | 1 2 3 |  3.2
Slings         | 1 2 3 |  3.2
Bows           | 1 2 3 |  3.2
Throwing       | 1 2 3 |  3.2
Armour         | 1 2 3 |  3.2
Stealth        | 1 2 3 |  3.2
Shields        | 1 2 3 |  3.2
Unarmed Combat | 1 2 3 |  3.2
Evocations     | 1 2 3 |  3.2
Spellcasting   | 3 4 |  4.3
Conjurations   | 1 2 |  2.6
Charms         | 1 2 |  2.6
Summonings     | 1 2 |  2.6
Necromancy     | 1 2 |  2.6
Translocations | 1 2 |  2.6
Transmutations | 1 2 |  2.6
Fire Magic     | 1 2 |  2.6
Ice Magic      | 1 2 |  2.6
Air Magic      | 1 2 |  2.6
Earth Magic    | 1 2 |  2.6
Poison Magic   | 1 2 |  2.6
Fighting       | 3 4 |  4.2
Crossbows      | 5 |  5.6
Dodging        | 5 |  5.6
Hexes          | 6 |  6.1

Action                   |  1- 3 |  4- 6 |  7- 9 || total
-------------------------+-------+-------+-------++-------
Melee: Dagger            |    10 |    16 |    52 ||    78
       Short sword       |    39 |    32 |    67 ||   138
       Bite              |     8 |    11 |    26 ||    45
       Mace              |       |    96 |     5 ||   101
       Punch             |       |     1 |     3 ||     4
       Scimitar          |       |       |    12 ||    12
 Fire: Hand crossbow     |    47 |    92 |    30 ||   169
Throw: Dart              |       |     4 |     1 ||     5
       Boomerang         |       |       |     7 ||     7
 Cast: Corona            |    18 |    17 |    14 ||    49
       Slow              |     8 |    24 |    10 ||    42
Evoke: Wand              |       |       |     5 ||     5
  Use: Scroll            |       |     3 |     5 ||     8
 Stab: Sleeping          |       |     2 |       ||     2
  Eat: Chunk             |     3 |     9 |     4 ||    16
       Ration            |       |       |     2 ||     2
Armor: Robe              |     7 |     8 |       ||    15
       Ring mail         |       |    42 |    31 ||    73
       Leather armour    |       |       |    19 ||    19
Dodge: Dodged            |    28 |   107 |   315 ||   450
       Rpst.: Scimitar   |       |       |    63 ||    63
